 Dungeon Crawl Stone Soup version 0.31.0-11-ge490571c62 (webtiles) character file.

Game seed: 12576742855202952710

45 Gadfly the Changeling (level 3, 0/26 HPs)
             Began as a Merfolk Shapeshifter on Jan 29, 2024.
             Slain by a kobold
             ... wielding a +0 whip
              (4 damage)
             ... on level 2 of the Dungeon.
             The game lasted 00:02:28 (1324 turns).

Gadfly the Changeling (Merfolk Shapeshifter)        Turns: 1324, Time: 00:02:29

Health: 0/26       AC:  2    Str: 16    XL:     3   Next: 64%
Magic:  4/4        EV: 12    Int:  9    God:
Gold:   13         SH:  0    Dex: 13    Spells: 2/2 levels left

rFire   . .          .
                       - Unarmed
rCold   . . .        (no shield)
rNeg    . . .        a - +0 animal skin
rPois   .            (helmet currently unavailable)
rElec   .            (cloak currently unavailable)
rCorr   .            (gloves currently unavailable)
SInv    .            (boots currently unavailable)
Will    .....        (no amulet)
Stlth   +            (no ring)
HPRegen 0.24/turn    (no ring)
MPRegen 0.09/turn

%: no passive effects
@: lethally poisoned (0 -> -5), beast-form
A: beast (slay +2), (nimble swimmer 2), mertail
a: Begin Untransformation


You were on level 2 of the Dungeon.
You were a hulking beast.
You visited 1 branch of the dungeon, and saw 2 of its levels.

You collected 13 gold pieces.

Inventory:

Armour
 a - a +0 animal skin (worn)
Talismans
 c - a beast talisman (active)
 d - a flux talisman
Scrolls
 e - 2 scrolls of teleportation
 h - a scroll of revelation {unknown}
 i - a scroll of silence
Potions
 b - a potion of lignification
 f - a potion of cancellation {unknown}
 g - a potion of heal wounds {unknown}


   Skills:
 + Level 1.5 Fighting
 + Level 3.0 Dodging
 * Level 3.6 Unarmed Combat
 * Level 1.4 Invocations
 * Level 1.3 Evocations
 + Level 4.2 Shapeshifting


You had 2 spell levels left.
You didn't know any spells.
Your spell library was empty.

Dungeon Overview and Level Annotations

Branches:
Dungeon (2/15)

Altars:


Innate Abilities, Weirdness & Mutations

You are a hulking beast.
Your limbs bulge with bestial killing power. (Slay +2)
((You are very nimble when in or above water. (Stealth+, EV+, Speed+++)))
Your lower body shifts to a powerful aquatic tail in water.


Message History

You closely miss the goblin. The goblin completely misses you.
You closely miss the goblin. The goblin misses you.
You barely miss the goblin. The goblin hits you with a +0 club.
A frilled lizard comes into view.
You closely miss the adder. You punch the adder, but do no damage.
The adder bites you but does no damage. The goblin hits you with a +0 club.
You completely miss the adder. The adder bites you.
The kobold barely misses you. The goblin misses you.
You hit the adder.
The adder is lightly wounded.
The adder closely misses you. The goblin closely misses you.
The kobold closely misses you. The adder bites you.
You are poisoned.
The adder poisons you!
You are too injured to fight recklessly!
You are too injured to fight recklessly!
You are too injured to fight recklessly!
You are too injured to fight recklessly!
You are too injured to fight recklessly!
You are too injured to fight recklessly!
You are too injured to fight recklessly!
You are too injured to fight recklessly!
You are too injured to fight recklessly!
You are too injured to fight recklessly!
You are too injured to fight recklessly!
You are too injured to fight recklessly!
You are too injured to fight recklessly!
You are too injured to fight recklessly!
You are too injured to fight recklessly!
Unknown command.
You feel sick. The adder attacks as it pursues you! The adder bites you.
You are more poisoned.
The adder poisons you! The kobold attacks as it pursues you!
The kobold hits you with a +0 whip.
* * * LOW HITPOINT WARNING * * *
* * * LOW HITPOINT WARNING * * *
You feel sick.
* * * LOW HITPOINT WARNING * * *
You feel sick. The kobold hits you with a +0 whip.
You die...

#..........# ... .
##........=#######..
. ##..........##...
.. .
#........#.##.##...
...............#...
####..#......#.<.....
....................
##............#.#...
........hS...##.# .#
..#..#...Kg####.## #
#...##..#...)....#
#....!....l....=..
.................
#.?.#.............
...###............
>.. ..............
.............$.


You could see an adder, a goblin, a kobold and a frilled lizard.

Vanquished Creatures
  A dart slug (D:2)
  5 bats
  6 endoplasms (D:1)
  A giant cockroach (D:1)
  5 goblins
  2 hobgoblins
  4 quokkas
  7 ball pythons
  A frilled lizard (D:2)
  5 kobolds (D:1)
  2 rats
39 creatures vanquished.

Notes
Turn   | Place    | Note
-------+----------+-------------------------------------------
     0 | D:1      | Gadfly the Merfolk Shapeshifter began the quest for the
                  | Orb.
     0 | D:1      | Reached XP level 1. HP: 15/15 MP: 1/1
   238 | D:1      | Reached XP level 2. HP: 19/21 MP: 2/2
   476 | D:1      | Reached skill level 1 in Invocations
   666 | D:1      | Reached skill level 1 in Evocations
   666 | D:1      | Reached XP level 3. HP: 26/26 MP: 3/3
  1116 | D:2      | HP: 1/26 [goblin/+0 club (2)]
  1324 | D:2      | Slain by a kobold

Illustrated notes

Levels and vault maps discovered:
D:1:      dpeg_arrival_three_bigger_balls, layout_loops_ring
D:2:      layout_rooms

Skill      XL: |  1  2  3 |
---------------+----------+-----
Invocations    | 1 |  1.4
Evocations     | 1 |  1.3
Dodging        | 3 |  3.0
Fighting       | |  1.5
Unarmed Combat | |  3.6
Shapeshifting  | |  4.2

Action                     || total
---------------------------++-------
  Melee: Unarmed           ||   106
         Punch             ||     4
    Use: Scroll            ||     4
   Stab: Sleeping          ||     5
 Armour: Animal skin       ||    54
  Dodge: Dodged            ||    77
   Form: Beast             ||     2
                           ||     1
